TOP OF THE 1ST |
Aberdeen Ironbirds batting - Pitching for Chicago (NYP) White Sox : RHP Troy O'Connor
|
Pitching: RHP Troy O'Connor
|
|
Batting: SHB Eric Kelley
|
0-0: Swinging Strike 0-1: Ball 1-1: Called Strike 1-2: Foul Ball, location: 2F 1-2: Ball 2-2: Ball 3-2: Foul Ball, location: 2F 3-2: Foul Ball, location: 2F 3-2: Foul Ball, location: 2F 3-2: Foul Ball, location: 2F 3-2: Strikes out swinging
|
Batting: RHB Heihachiro Fujita
|
0-0: Reached on error, E6 (Groundball, 6S, EV 67.5 MPH)
|
Batting: LHB Jeremy Nuzzo
|
0-0: Called Strike 0-1: Fly out, F8 (Flyball, 8RM, EV 88.1 MPH)
|
Batting: RHB Graham Calvert
|
0-0: Called Strike 0-1: Ground out 6-3 (Groundball, 6, EV 107.5 MPH)
|
Top of the 1st over - 0 runs, 0 hits, 1 error, 1 left on base; Aberdeen 0 - Chicago (NYP) 0 |
BOTTOM OF THE 1ST |
Chicago (NYP) White Sox batting - Pitching for Aberdeen Ironbirds : RHP Craig Painter
|
Pitching: RHP Craig Painter
|
|
Batting: RHB Rafael Medina
|
0-0: Ball 1-0: Ball 2-0: SOLO HOME RUN (Flyball, 9D, EV 103.8 MPH), Distance : 389 ft
|
Batting: RHB Bobby Heagle
|
0-0: Ball 1-0: Called Strike 1-1: Ball 2-1: Foul Ball, location: 2F 2-2: Ground out 4-3 (Groundball, 4, EV 81.9 MPH)
|
Batting: LHB Anthony Mosley
|
0-0: Called Strike 0-1: Called Strike 0-2: Ground out 4-3 (Groundball, 4, EV 89.4 MPH)
|
Batting: RHB Jeremy Lewis
|
0-0: Ball 1-0: Ball 2-0: Ball 3-0: Base on Balls
|
Batting: RHB Shintaro Katsumata
|
0-0: Ball Jeremy Lewis steals 2nd base 1-0: Foul Ball, location: 2F 1-1: Ball 2-1: Ball 3-1: Base on Balls
|
Batting: RHB Sean Peake
|
0-0: Ball 1-0: Ball 2-0: Fly out, F8 (Flyball, 8RD, EV 86.2 MPH)
|
Bottom of the 1st over - 1 run, 1 hit, 0 errors, 2 left on base; Aberdeen 0 - Chicago (NYP) 1 |
TOP OF THE 2ND |
Aberdeen Ironbirds batting - Pitching for Chicago (NYP) White Sox : RHP Troy O'Connor
|
Batting: RHB Johnny Lowe
|
0-0: Ball 1-0: Ball 2-0: Foul Ball, location: 2F 2-1: Fly out, F8 (Flyball, 8RXD, EV 98.8 MPH)
|
Batting: RHB Luis Roman
|
0-0: Called Strike 0-1: Ball 1-1: Fly out, F8 (Flyball, 8LD, EV 86.9 MPH)
|
Batting: LHB Danny Moreno
|
0-0: Ball 1-0: Called Strike 1-1: Ball 2-1: Foul Ball, location: 2F 2-2: Foul Ball, location: 2F 2-2: Fly out, F8 (Line Drive, 8RD, EV 90.6 MPH)
|
Top of the 2nd over - 0 runs, 0 hits, 0 errors, 0 left on base; Aberdeen 0 - Chicago (NYP) 1 |
BOTTOM OF THE 2ND |
Chicago (NYP) White Sox batting - Pitching for Aberdeen Ironbirds : RHP Craig Painter
|
Batting: RHB Yorkis Saiki
|
0-0: Ball 1-0: Ball 2-0: Called Strike 2-1: Ground out 4-3 (Groundball, 4, EV 80.0 MPH)
|
Batting: RHB David Laureano
|
0-0: Ball 1-0: Foul Ball, location: 2F 1-1: Ball 2-1: Foul Ball, location: 2F 2-2: SINGLE (Groundball, P, EV 91.9 MPH) (infield hit)
|
Batting: RHB Ighlas Mwara
|
0-0: Foul Ball, location: 2F 0-1: Called Strike 0-2: Strikes out swinging
|
Batting: RHB Rafael Medina
|
0-0: Ball 1-0: Called Strike 1-1: Fly out, F4 (Popup, 4, EV 71.2 MPH)
|
Bottom of the 2nd over - 0 runs, 1 hit, 0 errors, 1 left on base; Aberdeen 0 - Chicago (NYP) 1 |
TOP OF THE 3RD |
Aberdeen Ironbirds batting - Pitching for Chicago (NYP) White Sox : RHP Troy O'Connor
|
Batting: LHB Danny Schultz
|
0-0: Called Strike 0-1: Called Strike 0-2: Ground out U3 (Groundball, 34S, EV 86.2 MPH)
|
Batting: RHB Tim Cleary
|
0-0: Ball 1-0: Called Strike 1-1: Swinging Strike 1-2: Strikes out swinging
|
Batting: SHB Eric Kelley
|
0-0: Ball 1-0: Foul Ball, location: 2F 1-1: Foul Ball, location: 2F 1-2: Foul Ball, location: 2F 1-2: Strikes out swinging
|
Top of the 3rd over - 0 runs, 0 hits, 0 errors, 0 left on base; Aberdeen 0 - Chicago (NYP) 1 |
BOTTOM OF THE 3RD |
Chicago (NYP) White Sox batting - Pitching for Aberdeen Ironbirds : RHP Craig Painter
|
Batting: RHB Bobby Heagle
|
0-0: Foul Ball, location: 2F 0-1: Fly out, F9 (Line Drive, 9S, EV 85.6 MPH)
|
Batting: LHB Anthony Mosley
|
0-0: Foul Ball, location: 2F 0-1: Ground out 4-3 (Groundball, 4S, EV 85.6 MPH)
|
Batting: RHB Jeremy Lewis
|
0-0: Called Strike 0-1: Ball 1-1: Ground out 6-3 (Groundball, 6, EV 83.8 MPH)
|
Bottom of the 3rd over - 0 runs, 0 hits, 0 errors, 0 left on base; Aberdeen 0 - Chicago (NYP) 1 |
TOP OF THE 4TH |
Aberdeen Ironbirds batting - Pitching for Chicago (NYP) White Sox : RHP Troy O'Connor
|
Batting: RHB Heihachiro Fujita
|
0-0: Ball 1-0: Ball 2-0: Swinging Strike 2-1: Called Strike 2-2: Ball 3-2: Base on Balls
|
Batting: LHB Jeremy Nuzzo
|
0-0: Ball 1-0: Ball Heihachiro Fujita is caught stealing 2nd base 2-6 2-0: DOUBLE (Groundball, 5L, EV 105.0 MPH)
|
Batting: RHB Graham Calvert
|
0-0: Ball 1-0: Foul Ball, location: 2F 1-1: Ball 2-1: Called Strike 2-2: Strikes out swinging
|
Batting: RHB Johnny Lowe
|
0-0: Ball 1-0: Foul Ball, location: 2F 1-1: Ball 2-1: Ball 3-1: Base on Balls
|
Batting: RHB Luis Roman
|
0-0: Ball 1-0: SINGLE (Line Drive, 9S, EV 93.1 MPH) Jeremy Nuzzo to third Johnny Lowe to second
|
Batting: LHB Danny Moreno
|
0-0: Foul Ball, location: 2F 0-1: Called Strike 0-2: Strikes out looking
|
Top of the 4th over - 0 runs, 2 hits, 0 errors, 3 left on base; Aberdeen 0 - Chicago (NYP) 1 |
BOTTOM OF THE 4TH |
Chicago (NYP) White Sox batting - Pitching for Aberdeen Ironbirds : RHP Craig Painter
|
Batting: RHB Shintaro Katsumata
|
0-0: Foul Ball, location: 2F 0-1: Called Strike 0-2: Strikes out swinging
|
Batting: RHB Sean Peake
|
0-0: Called Strike 0-1: Ball 1-1: Called Strike 1-2: Foul Ball, location: 2F 1-2: Ball 2-2: Ball 3-2: Strikes out swinging
|
Batting: RHB Yorkis Saiki
|
0-0: Ball 1-0: Ground out 6-3 (Groundball, 6, EV 95.6 MPH)
|
Bottom of the 4th over - 0 runs, 0 hits, 0 errors, 0 left on base; Aberdeen 0 - Chicago (NYP) 1 |
TOP OF THE 5TH |
Aberdeen Ironbirds batting - Pitching for Chicago (NYP) White Sox : RHP Troy O'Connor
|
Batting: LHB Danny Schultz
|
0-0: Ball 1-0: Swinging Strike 1-1: SINGLE (Groundball, 6MD, EV 102.5 MPH)
|
Batting: RHB Tim Cleary
|
0-0: Ball Danny Schultz steals 2nd base 1-0: Called Strike 1-1: Ball 2-1: Fly out, F8 (Line Drive, 8LD, EV 94.4 MPH) Runner from 2nd tags up, SAFE at 3rd with throw by CF
|
Batting: SHB Eric Kelley
|
0-0: Ball 1-0: Ball 2-0: Fly out, F8 (Flyball, 8RM, EV 93.8 MPH)
|
Batting: RHB Heihachiro Fujita
|
0-0: Ball 1-0: Ball 2-0: Swinging Strike 2-1: Foul Ball, location: 2F 2-2: Ball 3-2: Foul Ball, location: 2F 3-2: Base on Balls
|
Batting: LHB Jeremy Nuzzo
|
0-0: Ball 1-0: Called Strike 1-1: Ball 2-1: Ball 3-1: Fielders Choice at 2nd, 6-4 (Groundball, 6, EV 103.8 MPH)
|
Top of the 5th over - 0 runs, 1 hit, 0 errors, 2 left on base; Aberdeen 0 - Chicago (NYP) 1 |
BOTTOM OF THE 5TH |
Chicago (NYP) White Sox batting - Pitching for Aberdeen Ironbirds : RHP Craig Painter
|
Batting: RHB David Laureano
|
0-0: Ball 1-0: Called Strike 1-1: Ball 2-1: Ball 3-1: SINGLE (Groundball, 13, EV 81.9 MPH) (infield hit)
|
Batting: RHB Ighlas Mwara
|
0-0: Fielders Choice at 2nd, 5-4 (Groundball, 15, EV 82.5 MPH)
|
Batting: RHB Rafael Medina
|
0-0: Ball 1-0: Ball 2-0: Fielders Choice at 2nd, 6-4 (Groundball, 6, EV 103.8 MPH)
|
Batting: RHB Bobby Heagle
|
0-0: Foul Ball, location: 2F 0-1: Ball 1-1: Ball 2-1: Foul Ball, location: 2F 2-2: Strikes out swinging
|
Bottom of the 5th over - 0 runs, 1 hit, 0 errors, 1 left on base; Aberdeen 0 - Chicago (NYP) 1 |
TOP OF THE 6TH |
Aberdeen Ironbirds batting - Pitching for Chicago (NYP) White Sox : RHP Troy O'Connor
|
Batting: RHB Graham Calvert
|
0-0: Swinging Strike 0-1: Swinging Strike 0-2: Foul Ball, location: 2F 0-2: Ball 1-2: Ball 2-2: Ball 3-2: Foul Ball, location: 2F 3-2: Strikes out looking
|
Batting: RHB Johnny Lowe
|
0-0: TRIPLE (Flyball, 78XD, EV 95.6 MPH)
|
Batting: RHB Luis Roman
|
0-0: Ball 1-0: Foul Ball, location: 2F 1-1: Called Strike 1-2: Strikes out looking
|
Pitching: LHP Jose Herrera
|
|
Batting: RHB Chris McGuirk
|
0-0: Ball 1-0: Fly out, F5 (Line Drive, 5L, EV 66.2 MPH)
|
Top of the 6th over - 0 runs, 1 hit, 0 errors, 1 left on base; Aberdeen 0 - Chicago (NYP) 1 |
BOTTOM OF THE 6TH |
Chicago (NYP) White Sox batting - Pitching for Aberdeen Ironbirds : RHP Craig Painter
|
Batting: LHB Anthony Mosley
|
0-0: Called Strike 0-1: Called Strike 0-2: Ball 1-2: Ball 2-2: Foul Ball, location: 2F 2-2: Strikes out swinging
|
Batting: RHB Jeremy Lewis
|
0-0: SOLO HOME RUN (Flyball, 78XD, EV 110.6 MPH), Distance : 430 ft
|
Batting: RHB Shintaro Katsumata
|
0-0: Called Strike 0-1: Ball 1-1: Ball 2-1: Fly out, F9 (Flyball, 9LS, EV 80.0 MPH)
|
Batting: RHB Sean Peake
|
0-0: Called Strike 0-1: Foul Ball, location: 2F 0-2: Ground out 6-3 (Groundball, 6M, EV 83.1 MPH)
|
Bottom of the 6th over - 1 run, 1 hit, 0 errors, 0 left on base; Aberdeen 0 - Chicago (NYP) 2 |
TOP OF THE 7TH |
Aberdeen Ironbirds batting - Pitching for Chicago (NYP) White Sox : LHP Jose Herrera
|
Batting: LHB Danny Schultz
|
0-0: Called Strike 0-1: Fly out, F6 (Popup, P, EV 74.4 MPH)
|
Batting: RHB Tim Cleary
|
0-0: DOUBLE (Line Drive, 9LM, EV 104.4 MPH)
|
Batting: SHB Eric Kelley
|
0-0: Called Strike 0-1: Ball 1-1: Ground out U3 (Groundball, 23, EV 78.1 MPH) Tim Cleary to third
|
Batting: RHB Heihachiro Fujita
|
0-0: Ball 1-0: Ball 2-0: Called Strike Steal of home, Tim Cleary is out
|
Top of the 7th over - 0 runs, 1 hit, 0 errors, 0 left on base; Aberdeen 0 - Chicago (NYP) 2 |
BOTTOM OF THE 7TH |
Chicago (NYP) White Sox batting - Pitching for Aberdeen Ironbirds : RHP Craig Painter
|
Batting: RHB Yorkis Saiki
|
0-0: Called Strike 0-1: Ball 1-1: Ground out U3 (Groundball, 3S, EV 66.2 MPH)
|
Batting: RHB David Laureano
|
0-0: Ball 1-0: Ball 2-0: Called Strike 2-1: Ball 3-1: Swinging Strike 3-2: Ground out 6-3 (Groundball, 6, EV 90.0 MPH)
|
Batting: RHB Ighlas Mwara
|
0-0: Ball 1-0: Ball 2-0: Foul Ball, location: 2F 2-1: Foul Ball, location: 2F 2-2: Strikes out swinging
|
Bottom of the 7th over - 0 runs, 0 hits, 0 errors, 0 left on base; Aberdeen 0 - Chicago (NYP) 2 |
TOP OF THE 8TH |
Aberdeen Ironbirds batting - Pitching for Chicago (NYP) White Sox : LHP Jose Herrera
|
Batting: RHB Heihachiro Fujita
|
0-0: Foul Ball, location: 2F 0-1: Swinging Strike 0-2: Ball 1-2: Strikes out swinging
|
Batting: LHB Jeremy Nuzzo
|
0-0: Ground out 5-3 (Groundball, 56S, EV 81.9 MPH)
|
Batting: RHB Graham Calvert
|
0-0: Called Strike 0-1: Ball 1-1: Foul Ball, location: 2F 1-2: Ball 2-2: Strikes out swinging
|
Top of the 8th over - 0 runs, 0 hits, 0 errors, 0 left on base; Aberdeen 0 - Chicago (NYP) 2 |
BOTTOM OF THE 8TH |
Chicago (NYP) White Sox batting - Pitching for Aberdeen Ironbirds : RHP Craig Painter
|
Pitching: RHP Harold Price
|
|
Batting: RHB Rafael Medina
|
0-0: Called Strike 0-1: Foul Ball, location: 2F 0-2: DOUBLE (Line Drive, 89D, EV 107.5 MPH)
|
Batting: RHB Bobby Heagle
|
0-0: Ground out 3-1 (Groundball, 34S, EV 90.0 MPH) Rafael Medina to third
|
Batting: LHB Anthony Mosley
|
0-0: Ball 1-0: Ball 2-0: Ball 3-0: Called Strike 3-1: Foul Ball, location: 2F 3-2: Base on Balls
|
Batting: RHB Jeremy Lewis
|
0-0: Called Strike 0-1: Ball Anthony Mosley is caught stealing 2nd base 2-4 1-1: Called Strike 1-2: Ground out 6-3 (Groundball, 6, EV 86.2 MPH)
|
Bottom of the 8th over - 0 runs, 1 hit, 0 errors, 1 left on base; Aberdeen 0 - Chicago (NYP) 2 |
TOP OF THE 9TH |
Aberdeen Ironbirds batting - Pitching for Chicago (NYP) White Sox : LHP Jose Herrera
|
Pitching: RHP Clay Redman
|
|
Now at 1B: Tyrell Camp
|
|
Now in LF: Bastiaan Leenders
|
|
Batting: RHB Johnny Lowe
|
0-0: Ball 1-0: Ball 2-0: Foul Ball, location: 2F 2-1: SINGLE (Line Drive, 8RS, EV 91.2 MPH)
|
Batting: RHB Luis Roman
|
0-0: Ball 1-0: Swinging Strike 1-1: Grounds into double play, 2-4-3 (Groundball, 2L, EV 68.8 MPH)
|
Batting: RHB Chris McGuirk
|
0-0: Called Strike 0-1: Ball 1-1: Foul Ball, location: 2F 1-2: Ball 2-2: Foul Ball, location: 2F 2-2: Ball 3-2: Base on Balls
|
Batting: LHB Danny Schultz
|
0-0: Ball 1-0: Ball 2-0: Foul Ball, location: 2F 2-1: Fielders Choice at 2nd, 5-4 (Groundball, 5, EV 82.5 MPH)
|
Top of the 9th over - 0 runs, 1 hit, 0 errors, 1 left on base; Aberdeen 0 - Chicago (NYP) 2 |
|